 Dungeon Crawl Stone Soup version 0.22-a0-596-gfbd32a6 (webtiles) character file.

27 sking99 the Ruffian (level 2, 0/23 HPs)
             Began as a Draconian Transmuter on July 5, 2018.
             Slain by a goblin (4 damage)
             ... on level 1 of the Dungeon.
             The game lasted 00:02:36 (1436 turns).

sking99 the Ruffian (Draconian Transmuter)          Turns: 1436, Time: 00:02:36

Health: 0/23       AC:  4    Str: 12    XL:     2   Next: 93%
Magic:  5/5        EV: 12    Int: 13    God:
Gold:   60         SH:  0    Dex: 11    Spells: 2/5 levels left

rFire    . . .     SeeInvis .     - Unarmed
rCold    . . .     Gourm    .   (no shield)
rNeg     . . .     Faith    .   (armour unavailable)
rPois    .         Spirit   .   (helmet restricted)
rElec    .         Reflect  .   (no cloak)
rCorr    .         Harm     .   (no gloves)
MR       .....                  (no boots)
Stlth    +.........             (no amulet)
HPRegen  0.07/turn              (no ring)
MPRegen  0.09/turn              (no ring)

@: no status effects
A: unfitting armour, cold-blooded, AC +4
a: no special abilities


You were on level 1 of the Dungeon.
You were not hungry.

You visited 1 branch of the dungeon, and saw 2 of its levels.

You collected 60 gold pieces.

Inventory:

Missiles
 a - 25 arrows
Jewellery
 d - an uncursed ring of protection from fire {unknown}
 i - an uncursed amulet of regeneration {unknown}
 l - an uncursed ring of magical power {unknown}
Scrolls
 b - a scroll of immolation {unknown}
 g - a scroll of blinking {unknown}
 h - 2 scrolls of teleportation {unknown}
Potions
 e - a potion of lignification {unknown}
 f - a potion of invisibility {unknown}
 j - a potion of might {unknown}
 k - a potion of mutation {unknown}
Comestibles
 c - 3 rations
 m - a chunk of flesh


   Skills:
 - Level 1.1 Fighting
 - Level 1.7 Dodging
 + Level 4.2 Unarmed Combat
 - Level 2.0 Spellcasting
 - Level 2.0 Transmutations


You had 2 spell levels left.
You knew the following spells:

 Your Spells              Type           Power        Failure   Level  Hunger
a - Beastly Appendage     Tmut           #.....       11%         1    ##.....
b - Sticks to Snakes      Tmut           #.......     17%         2    ###....

Your spell library contained the following spells:

 Spells                   Type           Power        Failure   Level  Hunger
 Spider Form              Tmut/Pois      #.........   45%         3    ####...
 Blade Hands              Tmut           #.........   97%         5    ######.
 Ice Form                 Ice/Tmut       #.......     86%         4    #####..


Dungeon Overview and Level Annotations

Branches:
Dungeon (2/15)

Altars:


Innate Abilities, Weirdness & Mutations

Your plain brown scales are hard. (AC +4)
You cannot fit into any form of body armour.
You are cold-blooded and may be slowed by cold attacks.


Message History

The worm is severely wounded.
You hit the worm.
The worm is almost dead.
The worm misses you.
Press: ? - help, v - describe, . - travel, g - get item
Here: a worm (severely wounded)
A jackal corpse.
The floor, spattered with blood.
A goblin comes into view.
The goblin shouts!
The goblin hits you.
* * * LOW HITPOINT WARNING * * *
There is a stone staircase leading up here.
The goblin completely misses you.
You climb upwards.
There is a stone staircase leading down here.
The goblin hits you.
* * * LOW HITPOINT WARNING * * *
The goblin hits you.
You die...

#.##..##.#..#.##..##.....##.#
#.##...................####.#
#...........#.##..###.(# #.#
#..##.##.#..#.##.....รท.# #.#
#..##.##.#........###.## #.#
#..##.................#####.#
#..####....#......####....#.#
.................>...'....'.#
...####.........@g####....###
##.# #.####...#..# #(...###
.#.# #.# #..)#..# #......#
.#.# #.# #...#..# #......#
.#.# #.# #...#..####......#
##.####.# #..........##....#
........######.#..###.##....#
##.####...........###.##....#
.....##.####.#..#..##.##....#


You could see a goblin.

Vanquished Creatures
  A leopard gecko (D:2)
  3 giant cockroaches
  4 goblins (D:1)
  2 hobgoblins (D:1)
  3 jackals (D:2)
  A ball python (D:2)
  3 bats (D:1)
  2 frilled lizards (D:1)
  3 kobolds
  A rat (D:1)
23 creatures vanquished.

Vanquished Creatures (others)
  A ball python (D:2)
1 creature vanquished.

Grand Total: 24 creatures vanquished

Notes
Turn   | Place    | Note
-------+----------+-------------------------------------------
     0 | D:1      | sking99 the Draconian Transmuter began the quest for the Orb.
     0 | D:1      | Reached XP level 1. HP: 16/16 MP: 3/3
   485 | D:1      | Reached XP level 2. HP: 23/23 MP: 3/5
  1048 | D:2      | Reached skill level 4 in Unarmed Combat
  1358 | D:2      | Learned a level 2 spell: Sticks to Snakes
  1436 | D:1      | Slain by a goblin

Vault maps used:
D:1:      saegor_arrival_simple_a
D:2:      grunt_qazlal_clouds

Skill      XL: |  1  2 |
---------------+-------+-----
Unarmed Combat | 4 |  4.2
Fighting       | |  1.1
Dodging        | |  1.7
Spellcasting   | |  2.0
Transmutations | |  2.0

Action                   || total
-------------------------++-------
Melee: Unarmed           ||   101
       Tailslap          ||    10
       Kick              ||     3
 Cast: Beastly Appendage ||     5
  Eat: Chunk             ||     2
Armor: Skin              ||    27
Dodge: Dodged            ||    74

Table legend:
 A = Spawn XP
 B = Non-spawn XP
 C = Spawn XP percentage of total XP
 D = Spawn monster count
 E = Non-spawn monster count
 F = Spawn count percentage of total count
 G = Total turns spent on level
                    A         B        C        D         E        F      G
               +---------+---------+-------+---------+---------+-------+---------
         Total |       0 |      39 |   0.0 |       0 |      23 |   0.0 |  1436
               +---------+---------+-------+---------+---------+-------+---------
           D:1 |       0 |      25 |   0.0 |       0 |      16 |   0.0 |  1007
           D:2 |       0 |      14 |   0.0 |       0 |       7 |   0.0 |   429
               +---------+---------+-------+---------+---------+-------+---------
